 Dungeon Crawl Stone Soup version 0.32-a0-42-ga30500b4d3 (webtiles) character file.

Game seed: 4055902388884414840

2510 seren the Shooter (level 9, -1/78 HPs)
             Began as a Hill Orc Hunter on Feb 2, 2024.
             Slain by Maurice
             ... wielding a +0 halberd
              (4 damage)
             ... on level 7 of the Dungeon.
             The game lasted 00:30:01 (8540 turns).

seren the Shooter (Hill Orc Hunter)                 Turns: 8540, Time: 00:30:01

Health: -1/78      AC:  8    Str: 19    XL:     9   Next: 53%
Magic:  18/18      EV: 13    Int:  9    God:
Gold:   36         SH:  0    Dex: 26    Spells: 8/8 levels left

rFire   . . .        b - +3 whip (venom)
rCold   . . .        (no shield)
rNeg    + . .        q - +0 scale mail
rPois   .            (no helmet)
rElec   .            (no cloak)
rCorr   .            (no gloves)
SInv    .            D - -1 pair of boots of Yesterday {rN+ MP+9 Str+5 Dex+2}
Will    +....        (no amulet)
Stlth   +            h - ring of willpower
HPRegen 0.33/turn    f - +6 ring of dexterity
MPRegen 0.16/turn

%: no passive effects
@: about to teleport, hasted, very quick
A: no striking features
a: no special abilities


You were on level 7 of the Dungeon.
You visited 2 branches of the dungeon, and saw 9 of its levels.
You also visited: Sewer.

You collected 207 gold pieces.
You spent 171 gold pieces at shops.

Inventory:

Hand Weapons
 a - a +0 shortbow
 b - a +3 whip of venom (weapon)
 p - a +0 long sword
 E - a +0 orcbow
 H - a +0 dagger of venom
Missiles
 o - 4 throwing nets {!f}
 w - 17 poisoned darts
 x - 3 javelins
Armour
 c - a +0 leather armour
 q - a +0 scale mail (worn)
 z - a +0 pair of boots
 D - the -1 pair of boots of Yesterday (worn) {rN+ MP+9 Str+5 Dex+2}
   (You found it on level 5 of the Dungeon)

   Str+5:     It affects your strength (+5).
   Dex+2:     It affects your dexterity (+2).
   rN+:       It protects you from negative energy.
   MP+9:      It affects your magic capacity (+9).
Jewellery
 f - a +6 ring of dexterity (right hand)
 h - a ring of willpower (left hand)
Scrolls
 d - a scroll of identify
 i - a scroll of butterflies
 l - a scroll of amnesia
 s - a scroll of enchant armour {unknown}
 t - 2 scrolls of teleportation {!r}
 y - a scroll of enchant weapon {unknown}
 A - a scroll of vulnerability {unknown}
 I - a scroll of blinking {unknown}
Potions
 e - a potion of curing {unknown}
 g - 3 potions of mutation {!q}
 j - a potion of magic {unknown}
 r - a potion of attraction {unknown}
 u - a potion of cancellation {unknown}
 B - a potion of lignification {unknown}
 G - a potion of resistance {unknown}
 J - a potion of degeneration


   Skills:
 + Level 6.7 Fighting
 * Level 7.7 Ranged Weapons
 * Level 6.7 Armour
 + Level 4.6 Dodging
 - Level 2.0 Stealth
 - Level 1.3 Shields


You had 8 spell levels left.
You didn't know any spells.
Your spell library contained the following spells:

 Spells                   Type           Power      Damage    Failure   Level
 Fugue of the Fallen      Necr           0%         N/A       97%         3
 Ozocubu's Armour         Ice            0%         N/A       97%         3
 Manifold Assault         Tloc           0%         N/A       100%        4
 Metabolic Englaciation   Hex/Ice        0%         N/A       100%        5
 Sculpt Simulacrum        Ice/Alch       0%         N/A       100%        6


Dungeon Overview and Level Annotations

Branches:
Dungeon (8/15)             Temple (1/1) D:7           Sewer (visited)
   Lair: D:8-11

Altars:
Ashenzari
Cheibriados
Dithmenos
Elyvilon
Fedhas
Gozag
Hepliaklqana
Kikubaaqudgha
Makhleb
Okawaru
Qazlal
Ru
Trog
Uskayaw
Vehumet
Wu Jian
Xom
Yredelemnul
Zin
The Shining One

Shops:
D:2 *   D:8 *

Portals:
Abyss: D:7

Annotations:
D:3 1 runed translucent door, Crazy Yiuf
D:4 Sigmund
D:7 2 transporters, Maurice; senseless's ghost, novice DsSh
D:8 2 runed translucent doors, Joseph; Takeo's ghost, novice SpHu


Message History

The gnoll hits you but does no damage. The gnoll barely misses you.
You feel yourself speed up.
You feel sick. The gnoll closely misses you. x2
Your +3 whip of venom begins to drip with poison!
b - a +3 whip of venom (weapon)
You feel sick.
The gnoll is no longer moving quickly.
The gnoll completely misses you.
You feel sick.
You hit the gnoll.
The gnoll is moderately wounded.
You feel sick. The gnoll closely misses you.
You hit the gnoll.
The gnoll is poisoned.
The gnoll is moderately wounded.
You feel sick.
You hit the gnoll.
The gnoll is almost dead.
You kill the gnoll!
You hit the gnoll.
The gnoll is poisoned.
The gnoll is heavily wounded.
You feel sick. The gnoll hits you with a +0 flail.
* * * LOW HITPOINT WARNING * * *
You barely miss the gnoll.
The gnoll is heavily wounded.
You feel sick.
Maurice casts a spell.
Maurice flickers and vanishes!
Deactivating autopickup; reactivate with Ctrl-A.
You hit the gnoll.
The gnoll looks as sick as possible!
The gnoll is almost dead.
You feel sick.
You are no longer poisoned.
The gnoll hits you with a +0 flail.
* * * LOW HITPOINT WARNING * * *
Something barely misses you.
You hit the gnoll.
You kill the gnoll!
Something barely misses you.
As you read the scroll of teleportation {!r}, it crumbles to dust.
You feel strangely unstable. Something hits you.
You die...

#.# #.###<....####..##.##. #.#
#.##.......##>.###.... #.###
#.##........[......... #...#
#.##.................. ##..#
#.###.....#......####. ##.# #.#
##...##...####..## #.## #.#
#)#.##...#....# # #..####
#.####.#.#....##.##..#
#.....####.##.@.........##### .
#.###...#.....#..###........##5
#....##....####.## #.........##
######............# ##....###..##
#......######.....###....##W##.©#
#.##...## #.##..#.....##gx5#.##
#.#..#..# #.##....##..##...###
#...###.# #.##.##.##...##∩..#
##### #.### #.##..........#$##.


There were no monsters in sight!

Vanquished Creatures
  A hornet (D:7)
  Pargi (Sewer)
  A sky beast (D:7)
  2 orc warriors (D:8)
  2 black bears
  An ogre (D:5)
  A centaur (D:7)
  5 bullfrogs
  A brain worm (Sewer)
  2 kobold brigands
  A scorpion (D:4)
  3 bombardier beetles
  5 hounds
  A jelly (D:6)
  Jessica (D:3)
  4 iguanas
  Natasha (thrice) (D:3)
  10 orc wizards
  9 gnolls
  7 adders
  3 ribbon worms
  2 dart slugs
  27 orcs
  7 ball pythons
  8 endoplasms
  6 giant cockroaches
  4 goblins
  10 hobgoblins
  A quokka (D:4)
  10 bats
  5 frilled lizards
  18 kobolds
  4 rats
166 creatures vanquished.

Notes
Turn   | Place    | Note
-------+----------+-------------------------------------------
     0 | D:1      | seren the Hill Orc Hunter began the quest for the Orb.
     0 | D:1      | Reached XP level 1. HP: 18/18 MP: 1/1
    37 | D:1      | Reached skill level 1 in Stealth
   118 | D:1      | Reached XP level 2. HP: 25/25 MP: 2/2
   834 | D:2      | Reached XP level 3. HP: 29/30 MP: 3/3
  1109 | D:2      | Found Vexutah's Assorted Antiques.
  1192 | D:2      | You fall into a shaft and drop 1 floor!
  1304 | D:2      | Reached skill level 4 in Ranged Weapons
  1381 | D:2      | Reached XP level 4. HP: 38/38 MP: 4/4
  1766 | D:3      | Noticed Jessica
  1791 | D:3      | Killed Jessica
  1796 | D:3      | Noticed Natasha
  1926 | D:3      | Found a hazy altar of Hepliaklqana.
  2272 | D:3      | Killed Natasha
  2273 | D:3      | Reached XP level 5. HP: 7/45 MP: 5/5
  2516 | D:3      | Found a runed translucent door.
  2517 | D:3      | Noticed Crazy Yiuf
  2679 | D:3      | Reached skill level 1 in Armour
  2683 | D:3      | Reached skill level 1 in Shields
  2811 | D:3      | Noticed Natasha
  2817 | D:3      | Killed Natasha
  2826 | D:3      | Noticed Natasha
  3004 | D:3      | Killed Natasha
  3005 | D:3      | Reached XP level 6. HP: 52/52 MP: 6/6
  3057 | D:4      | Noticed a black bear
  3250 | D:2      | Bought a glowing buckler for 157 gold pieces
  3386 | D:4      | Noticed Sigmund
  3839 | D:4      | Reached skill level 5 in Ranged Weapons
  3942 | D:4      | Killed a black bear
  3943 | D:4      | Reached XP level 7. HP: 19/60 MP: 7/7
  4296 | D:5      | Entered Level 5 of the Dungeon
  4639 | D:5      | Reached skill level 5 in Fighting
  4899 | D:5      | Reached XP level 8. HP: 38/68 MP: 8/8
  5032 | D:5      | Identified the -1 pair of boots of Yesterday {rN+ MP+9
                  | Str+5 Dex+2}
  5097 | D:5      | Reached skill level 6 in Ranged Weapons
  5181 | D:5      | Found a shadowy altar of Dithmenos.
  5336 | D:6      | Found a glowing drain.
  5360 | Sewer    | Entered a sewer
  5423 | Sewer    | Noticed Pargi
  5437 | Sewer    | Killed Pargi
  5692 | D:6      | Identified the +1 robe of Pathos {Archmagi}
  6120 | D:7      | Noticed a hornet
  6179 | D:7      | Noticed an ancient zyme
  6285 | D:6      | Reached skill level 5 in Armour
  6371 | D:7      | Reached skill level 7 in Ranged Weapons
  6437 | D:7      | Reached XP level 9. HP: 71/75 MP: 9/9
  6461 | D:7      | Paralysed by a hornet for 2 turns
  6465 | D:7      | Killed a hornet
  6670 | D:7      | Found a one-way gate to the infinite horrors of the Abyss.
  6670 | D:7      | Noticed senseless's ghost (novice DsSh)
  6678 | D:7      | Identified the +7 hand axe "Beetlebane" {venom, *Slow MP+9
                  | Str+4}
  6712 | D:7      | Identified the +7 mace of the Hall of Blades {freeze, Str-4
                  | Int+2 Dex+6 Stlth+}
  6720 | D:7      | Found a staircase to the Ecumenical Temple.
  6724 | Temple   | Entered the Ecumenical Temple
  6757 | D:7      | Found a transporter.
  6757 | D:7      | Found a transporter.
  6762 | D:7      | Noticed a hell hog
  7305 | D:8      | Noticed Joseph
  7635 | D:8      | Noticed Maurice
  7655 | D:8      | Found Vumoublo's General Store.
  7664 | D:8      | Bought a potion of degeneration for 14 gold pieces
  7680 | D:8      | Maurice stole the +7 mace of the Hall of Blades {freeze,
                  | Str-4 Int+2 Dex+6 Stlth+}
  7681 | D:8      | Maurice stole a beast talisman
  7682 | D:8      | Maurice stole a ring of protection from cold
  7683 | D:8      | Maurice stole a +2 buckler
  7685 | D:8      | Something stole 162 gold
  8126 | D:8      | Found a large runed translucent door.
  8127 | D:8      | Found a large runed translucent door.
  8129 | D:8      | Noticed Takeo's ghost (novice SpHu)
  8526 | D:7      | HP: 1/78 [poisoned by a gnoll]
  8537 | D:7      | HP: 2/78 [gnoll/+0 flail[a gnoll bouda] (6)]
  8540 | D:7      | Slain by Maurice

Illustrated notes

Levels and vault maps discovered:
D:1:      eino_arrival_tree_alley, layout_loops_ring, minmay_pentomino_u2
D:2:      layout_loops_ring, serial_shops, nicolae_shop_overgrown_old_shop
D:3:      layout_rooms, mainiacjoe_overflow_concentric_impassable,
          uniq_crazy_yiuf_cottage, uniq_jessica, uniq_natasha
D:4:      layout_layer_cave, uniq_sigmund
D:5:      layout_cave_pools, mainiacjoe_overflow_cross_hatched
D:6:      layout_basic, gup_sewer_entry_glass
D:7:      layout_rooms, minmay_temple_entry_glassed_door,
          gammafunk_ghost_abyssal_escape
D:8:      layout_basic, lair_entry_dummy, enter_bailey_8, serial_shops, shop,
          shop, shop, shop, ebering_ghost_disaster_area, corexii_checkpoint,
          nicolae_lava_and_water, uniq_erica, uniq_maurice, uniq_joseph
Temple:   regret_index_temple_chain_breaker

Skill      XL: |  1  2  3  4  5  6  7  8  9 |
---------------+----------------------------+-----
Stealth        | 1 2 |  2.0
Dodging        | 2 3 4 |  4.6
Fighting       | 3 4 5 6 |  6.7
Ranged Weapons | 4 5 7 |  7.7
Armour         | 1 2 3 5 6 |  6.7
Shields        | 1 |  1.3

Action                     |  1- 3 |  4- 6 |  7- 9 || total
---------------------------+-------+-------+-------++-------
  Melee: Dagger            |    11 |     4 |       ||    15
         Whip              |       |    14 |   216 ||   230
         Punch             |       |       |     5 ||     5
   Fire: Shortbow          |   119 |   218 |   203 ||   540
    Use: Potion            |     1 |     1 |     6 ||     8
         Scroll            |       |     3 |     6 ||     9
 Armour: Leather armour    |    36 |    63 |       ||    99
         Scale mail        |       |    30 |   287 ||   317
  Dodge: Dodged            |    52 |   115 |   155 ||   322

Table legend: (Time is in decaauts)
 A = Elapsed time spent in this place.
 B = Non-inter-level travel time spent in this place.
 C = Inter-level travel time spent in this place.
 D = Time resting spent in this place.
 E = Time spent auto-exploring this place.
 F = Levels seen in this place.
 G = Mean time per level.
                   A        B        C        D        E       F      G
               +--------+--------+--------+--------+--------+-----+--------+
         Total |   8705 |   8115 |    590 |   2164 |   2619 |  10 |  870.5 |
       Dungeon |   8582 |   7992 |    590 |   2136 |   2607 |   8 | 1072.8 |
        Temple |      1 |      1 |      0 |      0 |      0 |   1 |    1.0 |
         Sewer |    121 |    121 |      0 |     28 |     12 |   1 |  121.0 |
               +--------+--------+--------+--------+--------+-----+--------+

Top non-repeatable levels by time:
     D:3: 1374 daAuts
     D:7: 1311 daAuts
     D:2: 1193 daAuts
     D:4: 1142 daAuts
     D:6: 1036 daAuts
     D:5: 910 daAuts
     D:1: 833 daAuts
     D:8: 780 daAuts
   Sewer: 121 daAuts
  Temple: 1 daAuts
